 Dungeon Crawl Stone Soup version 0.29.1-12-g30fa7ad0bf (webtiles) character file.

Game seed: 2909560835462228285

5353 rakiston the Severer (level 10, -2/96 HPs)
             Began as a Minotaur Berserker on Dec 21, 2022.
             Was a Priest of Trog.
             Slain by a yak (8 damage)
             ... on level 9 of the Dungeon.
             The game lasted 00:43:03 (8267 turns).

rakiston the Severer (Minotaur Berserker)           Turns: 8267, Time: 00:43:04

Health: -2/96      AC:  7    Str: 27    XL:     10   Next: 38%
Magic:  9/9        EV:  7    Int:  4    God:    Trog [***...]
Gold:   261        SH:  0    Dex:  9    Spells: 9/9 levels left

rFire   . . .      SeeInvis .   H - +2 war axe
rCold   . . .      Faith    .   (no shield)
rNeg    . . .      Spirit   .   C - +0 plate armour
rPois   .          Reflect  .   (helmet restricted)
rElec   .          Harm     .   h - +0 cloak
rCorr   .          Rampage  .   J - +0 pair of gloves
Will    .....                   I - +1 pair of boots
Stlth   ..........              (no amulet)
HPRegen 0.26/turn               (no ring)
MPRegen 0.11/turn               (no ring)

@: corroded, on berserk cooldown, slowed, very slow
A: horns 2, retaliatory headbutt
a: Renounce Religion, Berserk, Trog's Hand


You were on level 9 of the Dungeon.
You worshipped Trog.
Trog was most pleased with you.
You visited 1 branch of the dungeon, and saw 9 of its levels.
You also visited: Sewer.

You collected 287 gold pieces.
You spent 26 gold pieces at shops.

Inventory:

Hand Weapons
 a - a +0 hand axe
 d - a +1 mace of holy wrath
 H - a +2 war axe (weapon)
 K - a +0 trident of protection
Missiles
 l - 2 throwing nets
 o - 4 curare-tipped darts (quivered)
 q - 9 poisoned darts
 w - 6 silver boomerangs
 L - 6 boomerangs
 M - 6 datura-tipped darts
Armour
 b - a +0 animal skin
 g - a +0 ring mail
 h - a +0 cloak (worn)
 C - a +0 plate armour (worn)
 F - an orb of light
 I - a +1 pair of boots (worn)
 J - a +0 pair of gloves (worn)
Jewellery
 G - a ring of protection from cold
Wands
 m - a wand of iceblast (11)
 y - a wand of flame (9)
Scrolls
 e - 2 scrolls of immolation
 f - a scroll of teleportation
 i - 2 scrolls of enchant weapon
 j - 3 scrolls of fear
 k - a scroll of poison
 p - a scroll of noise
 x - a scroll of amnesia
 z - 2 scrolls of enchant armour
 A - 2 scrolls of magic mapping
 B - a scroll of silence
 E - a scroll of butterflies
Potions
 c - a potion of berserk rage
 n - 2 potions of curing
 r - a potion of cancellation
 s - a potion of flight
 t - 2 potions of ambrosia {unknown}
 u - a potion of lignification {unknown}
 v - a potion of might {unknown}
 D - 2 potions of brilliance
 N - a potion of attraction {unknown}


   Skills:
 + Level 11.3 Fighting
 - Level 15.1 Axes
 + Level 3.1 Armour
 - Level 2.2 Dodging


You had 9 spell levels left.
You didn't know any spells.
Your spell library was empty.

Dungeon Overview and Level Annotations

Branches:
Dungeon (9/15)             Temple (0/1) D:4           Sewer (visited)
   Lair: D:8-11         Orc: D:9-12

Altars:
Qazlal

Shops:
D:7 [*=[

Annotations:
D:4 Sigmund
D:6 2 runed translucent doors, mkat's ghost, novice TrHu
D:8 2 transporters


Innate Abilities, Weirdness & Mutations

You have a pair of horns on your head.
You reflexively headbutt those who attack you in melee.


Message History

You hear a bellow! x3
You slash the acid dragon!
You kill the acid dragon!
Trog accepts your kill.
The acid dragon scales are intact enough to wear.
Your black bear bites the orc warrior.
Your black bear claws the orc warrior.
Your black bear claws the orc warrior but does no damage.
Your black bear bites the orc warrior.
Your black bear completely misses the orc warrior.
Your black bear closely misses the orc warrior.
The orc warrior unwields a +0 mace.
The orc warrior wields a +0 arbalest.
The orc warrior shoots a bolt.
The bolt hits your black bear!!
Your black bear dies!
Your black bear's corpse disappears in a puff of smoke!
You hear a bellow!
Your Armour skill increases to level 3!
You hit the orc.
The orc is moderately wounded.
The orc barely misses you.
The orc warrior shoots a bolt.
The bolt hits you!!
* * * LOW HITPOINT WARNING * * *
Unknown command.
You closely miss the orc. You headbutt the orc. Your punch misses the orc.
The orc is almost dead.
You hit the yak but do no damage.
A yak comes into view.
The orc barely misses you. You furiously retaliate!
You headbutt the orc, but do no damage. You slice the yak!!
The yak is heavily wounded.
You hit the orc warrior. You slash the orc!
You kill the orc!
Trog accepts your kill. The yak gores you.
* * * LOW HITPOINT WARNING * * *
A yak comes into view.
The orc warrior unwields a +0 arbalest.
The orc warrior wields a +0 mace.
The orc warrior hits you with a +0 mace!
* * * LOW HITPOINT WARNING * * *
You feel better. The yak gores you!
You die...

#......# ...#
#......+ ..Y
......# ...#
#....# ..Y##.
.####....##...>..
..........Y......
.........Yo......
.........@Y......
.................
.......))).......
...###.))####.##.
###########'### #
#.............#
#.............#
#.............+
##...####..##.#
.# ##


You could see 5 yaks and an orc warrior.

Vanquished Creatures
  An ugly thing (D:6)
  A kobold demonologist (D:6)
  4 yaks
  Grum (D:8)
  2 steam dragons
  A water moccasin (D:6)
  An acid dragon (D:9)
  Duvessa (D:7)
  An orc warrior (D:8)
  An ice beast (D:6)
  4 black bears
  3 wolves (D:8)
  2 centaurs
  A phantom (D:7)
  A bullfrog (D:6)
  4 gnoll sergeants
  5 scorpions
  2 necrophages
  9 wights
  Dowan (D:7)
  9 killer bees (D:8)
  A howler monkey (D:5)
  2 hounds (D:6)
  3 orc priests
  3 iguanas
  3 orc wizards
  20 gnolls
  10 adders
  A river rat (D:3)
  2 shadow imps
  2 white imps (D:7)
  An ufetubus (D:7)
  2 worms
  14 orcs
  8 ball pythons
  8 bats
  5 endoplasms
  A giant cockroach (D:3)
  3 goblins
  4 hobgoblins
  6 jackals (D:3)
  2 quokkas
  A frilled lizard (D:1)
  A kobold (D:3)
  6 rats
164 creatures vanquished.

Notes
Turn   | Place    | Note
-------+----------+-------------------------------------------
     0 | D:1      | rakiston the Minotaur Berserker began the quest for the
                  | Orb.
     0 | D:1      | Reached XP level 1. HP: 19/19 MP: 0/0
    11 | D:1      | Found a faded altar of an unknown god.
    13 | D:1      | Noticed a floating eye
    13 | D:1      | Noticed a shining eye
    14 | D:1      | Noticed a floating eye
    14 | D:1      | Noticed an eye of devastation
   499 | D:1      | Reached skill level 4 in Axes
   499 | D:1      | Reached XP level 2. HP: 26/27 MP: 1/1
  1697 | D:3      | Reached XP level 3. HP: 21/33 MP: 2/2
  2184 | D:3      | Reached ** piety under Trog
  2193 | D:3      | Reached skill level 5 in Axes
  2200 | D:3      | Found a glowing drain.
  2202 | D:3      | Reached XP level 4. HP: 38/41 MP: 3/3
  2205 | Sewer    | Entered a sewer
  2240 | Sewer    | Noticed Pargi
  2385 | D:4      | Noticed a scorpion
  2390 | D:4      | Killed a scorpion
  2391 | D:4      | Reached skill level 5 in Fighting
  2391 | D:4      | Reached XP level 5. HP: 37/48 MP: 4/4
  2399 | D:4      | Reached skill level 6 in Axes
  2531 | D:4      | Found a staircase to the Ecumenical Temple.
  2887 | D:4      | Noticed Sigmund
  2915 | D:4      | Reached XP level 6. HP: 50/57 MP: 5/5
  2970 | D:5      | Entered Level 5 of the Dungeon
  2975 | D:5      | Reached skill level 7 in Axes
  3119 | D:5      | Reached *** piety under Trog
  3124 | D:5      | Reached skill level 8 in Axes
  3124 | D:5      | Reached XP level 7. HP: 47/64 MP: 6/6
  3934 | D:6      | Noticed a steam dragon
  3945 | D:6      | Killed a steam dragon
  3946 | D:6      | Reached skill level 9 in Axes
  4349 | D:6      | Reached XP level 8. HP: 73/73 MP: 7/7
  4405 | D:6      | Found a runed translucent door.
  4406 | D:6      | Noticed mkat's ghost (novice TrHu)
  4452 | D:6      | Noticed a kobold demonologist
  4453 | D:6      | Noticed a soul eater
  4493 | D:6      | Reached skill level 10 in Axes
  4499 | D:6      | Noticed a smoke demon
  4506 | D:6      | Killed a kobold demonologist
  4653 | D:6      | Reached skill level 11 in Axes
  4924 | D:6      | Reached skill level 12 in Axes
  4924 | D:6      | Reached XP level 9. HP: 76/82 MP: 8/8
  5011 | D:6      | Found a runed translucent door.
  5319 | D:6      | Noticed a purple ugly thing
  5343 | D:6      | Killed a purple ugly thing
  5701 | D:7      | Found Synis's Antique Armour Shoppe.
  6073 | D:7      | Reached skill level 13 in Axes
  6180 | D:7      | Found a stormy altar of Qazlal.
  6245 | D:7      | Found Tait's Armour Shoppe.
  6377 | D:7      | Noticed Duvessa
  6377 | D:7      | Noticed Dowan
  6386 | D:7      | Killed Duvessa
  6390 | D:7      | Killed Dowan
  6445 | D:7      | Found Etiun's General Store.
  6451 | D:7      | Bought a scroll of identify for 26 gold pieces
  6740 | D:7      | Found Votutish's Jewellery Emporium.
  6837 | D:8      | Reached skill level 10 in Fighting
  6942 | D:8      | Noticed Grum
  6951 | D:8      | Killed Grum
  6952 | D:8      | Reached skill level 14 in Axes
  7026 | D:8      | Reached XP level 10. HP: 94/94 MP: 9/9
  7065 | D:8      | Reached **** piety under Trog
  7171 | D:8      | Found a transporter.
  7180 | D:8      | Found a transporter.
  7204 | D:8      | Found a transporter.
  7215 | D:8      | Found a transporter.
  8093 | D:9      | Reached skill level 15 in Axes
  8266 | D:9      | HP: 1/96 [orc warrior/+0 mace (10)]
  8267 | D:9      | Slain by a yak

Illustrated notes

Levels and vault maps discovered:
D:1:      mushboom_english_gardens, layout_basic,
          hellmonk_ecumenical_altar_watching_god
D:2:      layout_loops_corners
D:3:      layout_rooms, portal_sewer_entry_e, due_unseen_surprise
D:4:      nicolae_cairo_tiling_very_big, layout_rooms, glass_columns_b,
          uniq_sigmund
D:5:      layout_basic
D:6:      layout_basic, ebering_ghost_sewer_f, nicolae_eternal_life,
          hangedman_minor_gate_pass
D:7:      layout_gridville, nicolae_qazlal_style_of_elements, serial_shops,
          nicolae_stop_n_shop_2, shop, nicolae_shop_behind_doors, shop,
          kennysheep_decorative_pillar, uniq_duvessa
D:8:      layout_gridville, nicolae_transporter_intersection, uniq_grum
D:9:      layout_gridville, mainiacjoe_overflow_alcove_4

Skill      XL: |  1  2  3  4  5  6  7  8  9 10 |
---------------+-------------------------------+-----
Axes           | 4 5 6 8 9 12 14 15 | 15.1
Fighting       | 4 5 6 7 8 10 11 | 11.3
Armour         | 3 |  3.1
Dodging        | |  2.2

Action                   |  1- 3 |  4- 6 |  7- 9 | 10-12 || total
-------------------------+-------+-------+-------+-------++-------
Melee: Hand axe          |    68 |    98 |   189 |       ||   355
       Headbutt          |    15 |    12 |    45 |    14 ||    86
       Punch             |     1 |       |     4 |       ||     5
       War axe           |       |       |    66 |    82 ||   148
Throw: Stone             |    11 |    22 |       |       ||    33
       Dart              |       |     5 |     6 |       ||    11
       Throwing net      |       |     1 |       |       ||     1
Invok: Berserk           |       |     1 |     6 |     2 ||     9
       Trog's Hand       |       |       |     1 |     1 ||     2
       Brothers in Arms  |       |       |       |     1 ||     1
  Use: Potion            |     1 |     1 |     3 |     3 ||     8
       Scroll            |     6 |     3 |     8 |       ||    17
Armor: Ring mail         |    22 |    14 |       |       ||    36
       Plate armour      |       |    44 |   136 |    53 ||   233
Dodge: Dodged            |    33 |    39 |    75 |    39 ||   186
